 Seeded DCSS version 0.28.0-62-gf88900778d (webtiles) character file.

Game seed: 13591998346360536447 (custom seed)

359 Psyclone the Conjurer (level 6, 39/39 HPs)
             Began as an Octopode Conjurer on Oct 23, 2023.
             Was an Initiate of Gozag.
             Quit the game on level 11 of the Dungeon.
             The game lasted 00:01:31 (1455 turns).

Psyclone the Conjurer (Octopode Conjurer)           Turns: 1455, Time: 00:01:31

Health: 39/39      AC: 10    Str:  2    XL:     6   Next: 65%
Magic:  18/18      EV: 13    Int: 34    God:    Gozag
Gold:   1581       SH:  5    Dex: 20    Spells: 6/9 levels left

rFire   + + +      SeeInvis +   c - +3 Elemental Staff {rElec rF++ rC++ AC+5}
rCold   + + +      Faith    .   (no shield)
rNeg    + + .      Spirit   .   d - -2 hat of the Alchemist {rElec rPois rF+ rC+ rN+ Will+ rMut rCorr}
rPois   +          Reflect  +   j - amulet of reflection
rElec   +          Harm     .   b - ring "Xiagas" {rElec rCorr MP+9 AC+4 Dex+4 SInv}
rCorr   +          Rampage  .   f - ring "Vyohe" {rC+ Int+6 Dex+2 SInv Stlth+}
rMut    +                       s - ring of the Postmodern Hells {rN+ Str-5 Int+6 Dex+4}
Will    +....                   (no ring)
Stlth   ++++......              (no ring)
HPRegen 0.13/turn               (no ring)
MPRegen 0.16/turn               (no ring)
                                (no ring)

@: no status effects
A: almost no armour, amphibious, 8 rings, camouflage 1, gelatinous body 1,
(nimble swimmer 1), tentacles, iridescent scales 1, robust 1, noise suppression
a: Renounce Religion, Potion Petition, Call Merchant, Bribe Branch


You were on level 11 of the Dungeon.
You worshipped Gozag.
Gozag was most pleased with you.
You visited 1 branch of the dungeon, and saw 11 of its levels.

You collected 4238 gold pieces.
You spent 1960 gold pieces at shops.
You paid 697 gold pieces to Gozag.

Inventory:

Hand Weapons
 a - a +0 dagger
 c - the +3 Elemental Staff (weapon) {rElec rF++ rC++ AC+5}
   (You acquired it on level 2 of the Dungeon)

   If the wielder is skilled in Evocations, they can discharge powerful blasts
   of elemental energy when striking with it.
   It enhances your fire, ice, earth and air magic.
   AC:        It affects your AC (+5).
   rF:        It greatly protects you from fire.
   rC:        It greatly protects you from cold.
   rElec:     It insulates you from electricity.
 t - the +10 arbalest of Action {penet, Fragile rPois rCorr Dex+5}
   (You bought it in a shop on level 11 of the Dungeon)

   Any ammunition fired by it passes through the targets it hits, potentially
   hitting all targets in its path until it reaches maximum range.
   Dex:       It affects your dexterity (+5).
   rPois:     It protects you from poison.
   rCorr:     It protects you from acid and corrosion.
   Fragile:   It will be destroyed if unequipped.
 u - the +10 hunting sling of Lust {vorpal, Fly Int-4 Dex+3}
   (You bought it in a shop on level 11 of the Dungeon)

   Any ammunition fired from it inflicts extra damage upon your enemies.
   Int:       It affects your intelligence (-4).
   Dex:       It affects your dexterity (+3).
   Fly:       It grants you flight.
 v - the +8 war axe of Monon {flame, *Corrode Will+ Str-2 Dex+6 Stlth+}
   (You bought it in a shop on level 11 of the Dungeon)

   It burns those it strikes, dealing additional fire damage.
   Big, fiery blades are also staple armaments of hydra-hunters.
   Str:       It affects your strength (-2).
   Dex:       It affects your dexterity (+6).
   *Corrode:  It may corrode you when you take damage.
   Will:      It increases your willpower.
   Stlth:     It makes you more stealthy.
 w - the +6 lajatang "Doiduc" {speed, Int+4 Dex+4}
   (You bought it in a shop on level 11 of the Dungeon)

   Attacks with this weapon are significantly faster.
   Int:       It affects your intelligence (+4).
   Dex:       It affects your dexterity (+4).
 x - the +2 broad axe of Karma {vorpal, *Rage rPois Will+ Dex+6}
   (You bought it in a shop on level 11 of the Dungeon)

   It inflicts extra damage upon your enemies.
   Dex:       It affects your dexterity (+6).
   rPois:     It protects you from poison.
   *Rage:     It berserks you when you make melee attacks (+20% chance).
   Will:      It increases your willpower.
Armour
 d - the -2 hat of the Alchemist (worn) {rElec rPois rF+ rC+ rN+ Will+ rMut rCorr}
   (You acquired it on level 2 of the Dungeon)

   rF:        It protects you from fire.
   rC:        It protects you from cold.
   rElec:     It insulates you from electricity.
   rPois:     It protects you from poison.
   rN:        It protects you from negative energy.
   rCorr:     It protects you from acid and corrosion.
   rMut:      It protects you from mutation.
   Will:      It increases your willpower.
Jewellery
 b - the ring "Xiagas" (left tentacle) {rElec rCorr MP+9 AC+4 Dex+4 SInv}
   (You acquired it on level 2 of the Dungeon)

   [ring of protection]

   AC:        It affects your AC (+4).
   Dex:       It affects your dexterity (+4).
   rElec:     It insulates you from electricity.
   MP:        It affects your magic capacity (+9).
   SInv:      It lets you see invisible.
   rCorr:     It protects you from acid and corrosion.
 f - the ring "Vyohe" (right tentacle) {rC+ Int+6 Dex+2 SInv Stlth+}
   (You acquired it on level 4 of the Dungeon)

   [ring of intelligence]

   Int:       It affects your intelligence (+6).
   Dex:       It affects your dexterity (+2).
   rC:        It protects you from cold.
   SInv:      It lets you see invisible.
   Stlth:     It makes you more stealthy.
 j - an amulet of reflection (around mantle)
 s - the ring of the Postmodern Hells (on tentacle) {rN+ Str-5 Int+6 Dex+4}
   (You acquired it on level 11 of the Dungeon)

   [ring of intelligence]

   Str:       It affects your strength (-5).
   Int:       It affects your intelligence (+6).
   Dex:       It affects your dexterity (+4).
   rN:        It protects you from negative energy.
Wands
 g - a wand of mindburst (17)
 i - a wand of flame (30)
 l - a wand of iceblast (5)
 q - a wand of paralysis (9)
Scrolls
 e - 3 scrolls of identify {unknown}
 m - a scroll of amnesia {unknown}
 p - a scroll of blinking {unknown}
 r - a scroll of immolation {unknown}
Potions
 h - a potion of ambrosia {unknown}
 k - a potion of curing {unknown}
 n - a potion of haste {unknown}
 o - 2 potions of brilliance {unknown}


   Skills:
 - Level 2.0 Dodging
 - Level 2.6 Stealth
 - Level 2.0 Spellcasting
 + Level 7.8 Conjurations


You had 6 spell levels left.
You knew the following spells:

 Your Spells              Type           Power      Damage    Failure   Level
a - Magic Dart            Conj           100%       1d8       1%          1
b - Searing Ray           Conj           100%       2d8       1%          2

Your spell library contained the following spells:

 Spells                   Type           Power      Damage    Failure   Level
 Dazzling Flash           Conj/Hex       58%        N/A       3%          3
 Fulminant Prism          Conj/Hex       14%        3d9       12%         4
 Iskenderun's Mystic Bla  Conj/Tloc      29%        2d7       12%         4


Dungeon Overview and Level Annotations

Branches:
Dungeon (11/15)
 Temple: D:4-7         Lair: D:8-11         Orc: D:9-12

Altars:
Gozag
Okawaru
Sif Muna
The Shining One

Shops:
D:11 (*

Annotations:
D:5 Menkaure


Innate Abilities, Weirdness & Mutations

You cannot wear most types of armour.
You are amphibious.
You can wear up to eight rings at the same time.
Your skin changes colour to match your surroundings (Stealth+).
Your rubbery body absorbs attacks. (AC +1, EV +1)
((You are camouflaged when in or above water. (Stealth+)))
You have tentacles for arms and can constrict up to eight enemies at once.
You are partially covered in iridescent scales. (AC +2)
You are robust. (+10% HP)
You passively dampen the noise of your surroundings.


Message History

There is a stone staircase leading up here.
You now have 4154 gold pieces (gained 9).
As you read the scroll labelled RYRIN GIME, it crumbles to dust.
You feel strangely unstable.
It was a scroll of teleportation.
Your surroundings suddenly seem different.
Found a scroll labelled YZIKUSH NUQODEWU.
m - a scroll labelled YZIKUSH NUQODEWU
Found a potion of mutation.
You see here a potion of mutation.
There is a stone staircase leading down here.
You climb downwards.
There is a stone staircase leading up here.
As you open the door, it creaks loudly!
Found Reiheab's General Store.
There is an open door here.
There is an entrance to Reiheab's General Store here.
s - a scroll of acquirement Thank you for shopping at Reiheab's General Store!
There is an open door here.
Something appears before you!
s - the ring of the Postmodern Hells {rN+ Str-5 Int+6 Dex+4} You feel clever.
You feel weaker.
You feel agile.
s - the ring of the Postmodern Hells (on tentacle) {rN+ Str-5 Int+6 Dex+4} [a] 560 gold - Vigg's Weapon Shoppe [b] 613 gold - Iroxt's Antique Weapon Boutique [c] 640 gold - Ufoxt's Distillery Fund which merchant?
You no longer have enough gold to bribe branches to halt enemies' attacks and recruit allies.
Iroxt invites you to visit his Antique Weapon Boutique.
t - the +10 arbalest of Action {penet, Fragile rPois rCorr Dex+5}
u - the +10 hunting sling of Lust {vorpal, Fly Int-4 Dex+3}
v - the +8 war axe of Monon {flame, *Corrode Will+ Str-2 Dex+6 Stlth+}
w - the +6 lajatang "Doiduc" {speed, Int+4 Dex+4}
x - the +2 broad axe of Karma {vorpal, *Rage rPois Will+ Dex+6} Thank you for shopping at Iroxt's Antique Weapon Boutique!
Unknown command.
Unknown command.
Are you sure you want to abandon this character and quit the game? (Confirm with "yes".)

########
#@.....#
#......##
####..#'#..##
......#∩#...#
.......###...#
.............#
........<....#
##..##..##+###
#+# #..


There were no monsters in sight!

Vanquished Creatures
  A sky beast (D:6)
  An ice beast (D:5)
  A bullfrog zombie (D:5)
  A hound (D:6)
  3 bullfrog skeletons
  A howler monkey skeleton (D:6)
  A dart slug (D:4)
  A hobgoblin (D:4)
  3 jackals (D:1)
  A kobold (D:1)
  2 quokkas (D:5)
  2 ball pythons
  2 rats (D:1)
20 creatures vanquished.

Notes
Turn   | Place    | Note
-------+----------+-------------------------------------------
     0 | D:1      | Psyclone the Octopode Conjurer began the quest for the Orb.
     0 | D:1      | Reached XP level 1. HP: 11/11 MP: 3/3
    59 | D:1      | Reached XP level 2. HP: 15/17 MP: 5/5
    88 | D:2      | Identified a scroll of acquirement
    88 | D:2      | Acquired the ring "Xiagas" {rElec rCorr MP+9 AC+4 Dex+4
                  | SInv}
   155 | D:1      | Learned a level 2 spell: Searing Ray
   196 | D:2      | Acquired the -2 hat of the Alchemist {rElec rPois rF+ rC+
                  | rN+ Will+ rMut rCorr}
   196 | D:2      | Found the -2 hat of the Alchemist {rElec rPois rF+ rC+ rN+
                  | Will+ rMut rCorr}
   221 | D:2      | Acquired the +3 Elemental Staff {rElec rF++ rC++ AC+5}
   221 | D:2      | Found the +3 Elemental Staff {rElec rF++ rC++ AC+5}
   251 | D:3      | Found a glowing golden altar of the Shining One.
   300 | D:4      | Acquired the ring "Vyohe" {rC+ Int+6 Dex+2 SInv Stlth+}
   345 | D:4      | Gained mutation: You are robust. (+10% HP) [potion of
                  | mutation]
   345 | D:4      | Gained mutation: You passively dampen the noise of your
                  | surroundings. [potion of mutation]
   345 | D:4      | Gained mutation: You are partially covered in iridescent
                  | scales. (AC +2) [potion of mutation]
   480 | D:4      | Reached skill level 5 in Conjurations
   480 | D:4      | Reached XP level 3. HP: 23/23 MP: 6/6
   530 | D:5      | Entered Level 5 of the Dungeon
   535 | D:5      | Reached XP level 4. HP: 29/29 MP: 7/7
   588 | D:5      | Found a shimmering blue altar of Sif Muna.
   601 | D:5      | Noticed an ice beast
   610 | D:5      | Killed an ice beast
   611 | D:5      | Reached skill level 6 in Conjurations
   611 | D:5      | Reached XP level 5. HP: 33/34 MP: 8/8
   690 | D:5      | Found an opulent altar of Gozag.
   697 | D:5      | Became a worshipper of Gozag Ym Sagoz the Greedy
   753 | D:5      | Found an iron altar of Okawaru.
   770 | D:5      | Noticed a centaur
   791 | D:5      | Noticed Menkaure
   846 | D:6      | Reached skill level 7 in Conjurations
   846 | D:6      | Reached XP level 6. HP: 37/39 MP: 9/9
   934 | D:6      | Noticed a sky beast
   941 | D:6      | Killed a sky beast
  1220 | D:9      | Acquired 1301 gold pieces
  1227 | D:9      | Acquired 1256 gold pieces
  1243 | D:9      | Acquired 1355 gold pieces
  1344 | D:10     | Entered Level 10 of the Dungeon
  1414 | D:11     | Found Reiheab's General Store.
  1417 | D:11     | Bought a scroll of acquirement for 624 gold pieces
  1430 | D:11     | Acquired the ring of the Postmodern Hells {rN+ Str-5 Int+6
                  | Dex+4}
  1455 | D:11     | Bought a transparent arbalest for 237 gold pieces
  1455 | D:11     | Identified the +10 arbalest of Action {penet, Fragile rPois
                  | rCorr Dex+5} (You bought it in a shop on level 11 of the
                  | Dungeon)
  1455 | D:11     | Bought a smoking hunting sling for 162 gold pieces
  1455 | D:11     | Identified the +10 hunting sling of Lust {vorpal, Fly Int-4
                  | Dex+3} (You bought it in a shop on level 11 of the Dungeon)
  1455 | D:11     | Bought a transparent war axe for 212 gold pieces
  1455 | D:11     | Identified the +8 war axe of Monon {flame, *Corrode Will+
                  | Str-2 Dex+6 Stlth+} (You bought it in a shop on level 11 of
                  | the Dungeon)
  1455 | D:11     | Bought a crystal lajatang for 500 gold pieces
  1455 | D:11     | Identified the +6 lajatang "Doiduc" {speed, Int+4 Dex+4}
                  | (You bought it in a shop on level 11 of the Dungeon)
  1455 | D:11     | Bought a shimmering broad axe for 225 gold pieces
  1455 | D:11     | Identified the +2 broad axe of Karma {vorpal, *Rage rPois
                  | Will+ Dex+6} (You bought it in a shop on level 11 of the
                  | Dungeon)
  1455 | D:11     | Quit the game

Illustrated notes

Levels and vault maps discovered:
D:1:      wander_arrival_fairy_ring, layout_basic, chequers_serial_rivers_room_a
D:2:      layout_loops_ring, shapermc_ecumenical_altar_venn, uniq_natasha
D:3:      layout_loops_ring, mainiacjoe_overflow_chevrons,
          gammafunk_ghost_arena, hangedman_glass_teeth
D:4:      layout_basic, nicolae_hepliaklqana_monster_ancestors,
          due_unseen_surprise
D:5:      layout_basic, lemuel_doored_altar, overflow_temple_1_default,
          amethyst_overflow_temple_binary, minmay_manual_mess, uniq_ijyb,
          uniq_edmund, uniq_sigmund, uniq_menkaure
D:6:      layout_layer_cave, minmay_temple_entry_hall
D:7:      layout_basic, nicolae_wu_jian_immortal_techniques
D:8:      layout_rooms, lightli_temple_of_fire, minmay_lair_entry_grove,
          serial_shops, shop
D:9:      layout_cave_pools, grunt_decor_clamped
D:10:     minmay_diamond_stairs, layout_basic
D:11:     layout_gridville, serial_shops, kennysheep_mini_moat

Skill      XL: |  1  2  3  4  5 |
---------------+----------------+-----
Conjurations   | 5 6 7 |  7.8
Dodging        | |  2.0
Stealth        | |  2.6
Spellcasting   | |  2.0

Action                   |  1- 3 |  4- 6 || total
-------------------------+-------+-------++-------
Melee: Dagger            |     6 |       ||     6
       Tentacles         |     2 |       ||     2
       Constrict         |     1 |       ||     1
       Punch             |     1 |       ||     1
 Cast: Magic Dart        |     5 |     1 ||     6
       Searing Ray       |     5 |    10 ||    15
Invok: Call Merchant     |       |     1 ||     1
  Use: Scroll            |     4 |     5 ||     9
       Potion            |     1 |       ||     1
 Stab: Sleeping          |     1 |       ||     1
Armor: Skin              |     1 |     3 ||     4
Dodge: Dodged            |     5 |     7 ||    12
Block: Other             |       |     1 ||     1
